[Event "Israel-ch Semi-final 2022"]
[Site "Ramat Gan"]
[Date "2022.06.27"]
[Round "8.3"]
[White "Ben Ari, Yannay"]
[Black "Vaisman, Felix"]
[Result "1/2-1/2"]
[ECO "A04"]
[WhiteElo "2409"]
[BlackElo "2096"]
[Annotator "TA"]
[PlyCount "71"]
[EventDate "2022.05.09"]
[EventType "swiss"]
[EventCountry "ISR"]
[SourceTitle "playchess.com"]
[Source "ChessBase"]
[SourceQuality "1"]
[TimeControl "40/5400+30:1800+30"]

1. Nf3 c5 2. b3 d6 3. c4 e5 4. d3 f5 5. Bb2 Nf6 6. g3 {[%emt 0:03:02] A04: Unusual lines after 1 Nf3 and King's Indian Attack.} g6 7. Bg2 Bg7 8. O-O O-O 9. Nc3 Nc6 10. a3 {[%emt 0:01:05] [#]} h6 $146 ({Predecessor:} 10... a5 11. e3 Kh8 12. Nd2 g5 13. Nd5 Nxd5 14. cxd5 Ne7 15. b4 b6 16. bxc5 bxc5 {½-½ (36) Bricard,E (2478)-Bacrot,E (2720) Belfort 2010}) 11. Nd5 Nxd5 12. cxd5 Nd4 13. Ne1 (13. Nd2 $11) 13... f4 (13... Qb6 $5 ) 14. e3 fxe3 15. fxe3 Rxf1+ 16. Bxf1 Nf5 17. Ng2 Qg5 18. Qe2 h5 19. b4 h4 20. e4 {[%emt 0:02:44] The position is equal.} Nd4 21. Bxd4 cxd4 22. gxh4 Qh6 23. Qf3 Bd7 24. Qg3 Rc8 25. Re1 Bf6 26. Be2 Kf7 27. Bg4 Bxg4 28. Qxg4 Rc1 $1 29. Rf1 Rxf1+ 30. Kxf1 $11 {[%emt 0:00:01][%mdl 4096] Endgame KQB-KQN} Qd2 31. Qh3 Qc1+ 32. Ne1 Qf4+ 33. Kg2 Qd2+ 34. Kf1 Qf4+ 35. Kg2 {[%emt 0:00:58] Nf3 is the strong threat.} Qd2+ 36. Kf1 {[%emt 0:00:01] Weighted Error Value: White=0.07 (flawless) /Black=0.03 (flawless)} 1/2-1/2

[Event "Israel-ch Semi-final 2022"]
[Site "Ramat Gan"]
[Date "2022.06.27"]
[Round "8.4"]
[White "Rozen, Guy"]
[Black "Yaniv, Ori"]
[Result "0-1"]
[ECO "D02"]
[WhiteElo "1967"]
[BlackElo "2143"]
[Annotator "RC"]
[PlyCount "68"]
[EventDate "2022.05.09"]
[EventType "swiss"]
[EventCountry "ISR"]
[SourceTitle "playchess.com"]
[Source "ChessBase"]
[SourceQuality "1"]
[TimeControl "40/5400+30:1800+30"]

1. d4 Nf6 2. Bf4 d5 3. e3 c5 4. Nf3 Nc6 5. Nbd2 Bg4 6. c3 e6 7. Qb3 Qb6 8. Qxb6 axb6 9. Bb5 Bxf3 10. Nxf3 Nd7 11. O-O f6 12. h4 Ra5 13. a4 Be7 14. Rfe1 Na7 15. b4 cxb4 16. cxb4 Bxb4 17. Rec1 Nxb5 18. Rc8+ Kf7 19. Rxh8 Nf8 20. Rb1 Rxa4 21. Ne1 Ng6 22. Rb8 Nxf4 23. Rxb7+ Kg6 24. exf4 Nxd4 25. Rxb6 Bd2 26. Nd3 Ne2+ 27. Kf1 Nxf4 28. Nxf4+ Rxf4 29. Rxe6 Rxh4 30. Rb7 Rh1+ 31. Ke2 Re1+ 32. Kxd2 Rxe6 33. Rd7 Re5 34. g4 h5 0-1

[Event "Israel-ch Semi-final 2022"]
[Site "Ramat Gan"]
[Date "2022.06.27"]
[Round "8.5"]
[White "Bin-Nun, Peleg"]
[Black "Shimshovich, Asaf"]
[Result "0-1"]
[ECO "B81"]
[WhiteElo "2056"]
[BlackElo "1816"]
[Annotator "NA RC"]
[PlyCount "104"]
[EventDate "2022.05.09"]
[EventType "swiss"]
[EventCountry "ISR"]
[SourceTitle "playchess.com"]
[Source "ChessBase"]
[SourceQuality "1"]
[TimeControl "40/5400+30:1800+30"]

1. e4 c5 2. Nf3 e6 3. d4 cxd4 4. Nxd4 Nf6 5. Nc3 d6 6. g4 e5 7. Bb5+ Bd7 8. Bxd7+ Qxd7 9. Nf5 h5 10. gxh5 Nxh5 11. Nd5 g6 12. Nfe3 Nc6 13. Qxh5 Rxh5 14. Nf6+ Kd8 15. Nxd7 Kxd7 16. Nd5 Be7 17. Nxe7 Kxe7 18. Kf1 Nd4 19. c3 Nf3 20. Ke2 Rh3 21. Be3 f5 22. exf5 gxf5 23. a4 f4 24. Bc1 Rg8 25. a5 Nxh2 26. Ra4 Kd7 27. Rb4 Kc6 28. Rc4+ Kd7 29. Rb4 Kc6 30. Rc4+ Kd5 31. Rc7 Rg2 32. Rxb7 Rf3 33. Rd1+ Ke4 34. Rd2 Rg1 35. Rd1 Rxf2+ 36. Kxf2 Rxd1 37. Bxf4 Kxf4 38. Ke2 Rb1 39. Kd2 Nf1+ 40. Kc2 Ra1 41. Rf7+ Ke4 42. Rxa7 Ne3+ 43. Kb3 Kd3 44. Kb4 Rb1 45. Kb3 Nc4 46. a6 Rxb2+ 47. Ka4 Kxc3 48. Rb7 Ra2+ 49. Kb5 Ra5+ 50. Kc6 Rxa6+ 51. Kd5 Ra5+ 52. Ke4 d5+ 0-1

[Event "Israel-ch Semi-final 2022"]
[Site "Ramat Gan"]
[Date "2022.06.27"]
[Round "8.7"]
[White "Ribshtein, Nati"]
[Black "Meirovich, Ilay"]
[Result "1-0"]
[ECO "D36"]
[WhiteElo "2286"]
[BlackElo "1768"]
[Annotator "TA"]
[PlyCount "57"]
[EventDate "2022.05.09"]
[EventType "swiss"]
[EventCountry "ISR"]
[SourceTitle "playchess.com"]
[Source "ChessBase"]
[SourceQuality "1"]
[TimeControl "40/5400+30:1800+30"]

1. d4 Nf6 2. c4 e6 3. Nc3 d5 4. cxd5 exd5 5. Bg5 c6 6. e3 Nbd7 7. Bd3 Be7 8. Nge2 O-O 9. O-O Re8 10. Qc2 h6 11. Bh4 Ne4 12. Bxe7 Qxe7 13. Rae1 Nef6 {[%emt 0:08:11] D36: Queen's Gambit Declined: Exchange Variation: Main line (5 Bg5 c6 6 Qc2).} 14. Ng3 c5 {[%emt 0:01:44] [#]} (14... Nb6 $11) 15. Nf5 $146 {[%emt 0:09:36] White is much more active.} ({Predecessor:} 15. Qd2 a6 16. e4 cxd4 17. Nxd5 Qd8 18. Bb1 Nxd5 19. exd5 Rxe1 20. Rxe1 Nf6 21. Qxd4 {1-0 (56) Raahul,V (2478)-Neelabh,J (1780) Guwahati 2022}) 15... Qd8 {[%emt 0:01:54] White is slightly better.} 16. b3 Qa5 {[%emt 0:03:26] [#]} (16... cxd4 $14 17. exd4 Nf8) 17. Nb5 $1 $18 Re6 (17... Nf8 $142) 18. b4 cxb4 19. Nc7 Kf8 $2 (19... Rc6 {was necessary.} 20. Ne7+ Kh8 21. Nxc6 Qxc7) 20. Nxa8 Rc6 21. Qe2 Ne4 22. Bxe4 {[%emt 0:03:28] White is clearly winning.} dxe4 23. d5 Qxd5 24. Nd4 Rc5 25. Rc1 b6 26. Nc7 Qe5 27. Na6 Qg5 28. Nxc5 bxc5 29. Qb5 {[%emt 0:00:58] White took control after the opening.  Weighted Error Value: White=0.06 (flawless) /Black=0.66} 1-0

[Event "Israel-ch Semi-final 2022"]
[Site "Ramat Gan"]
[Date "2022.06.27"]
[Round "8.8"]
[White "Shifrin, Evgeny"]
[Black "Chernomordik, Pavel"]
[Result "0-1"]
[ECO "A00"]
[WhiteElo "1802"]
[BlackElo "2178"]
[Annotator "RC"]
[PlyCount "138"]
[EventDate "2022.05.09"]
[EventType "swiss"]
[EventCountry "ISR"]
[SourceTitle "playchess.com"]
[Source "ChessBase"]
[SourceQuality "1"]
[TimeControl "40/5400+30:1800+30"]

1. g3 h5 2. h4 g6 3. Bg2 Bg7 4. e4 c5 5. Ne2 Nc6 6. Nbc3 Rb8 7. a4 Nf6 8. d3 d6 9. O-O a6 10. Bg5 b5 11. axb5 axb5 12. Qd2 Nd7 13. Rab1 Nde5 14. Nd5 f6 15. Bf4 e6 16. Ndc3 b4 17. Nd1 Nf7 18. Be3 e5 19. f4 Nh6 20. Nf2 Ng4 21. Nxg4 Bxg4 22. c3 O-O 23. fxe5 fxe5 24. Rxf8+ Bxf8 25. Rf1 Bg7 26. Bg5 Qd7 27. Kh2 Nd8 28. Ng1 Nf7 29. Be3 bxc3 30. bxc3 Be6 31. Bh3 Bxh3 32. Nxh3 Qb5 33. Rf2 Qb1 34. Qa2 Qxa2 35. Rxa2 Nh6 36. Nf2 Bf8 37. Kg2 Kf7 38. Kf3 Ke6 39. c4 Nf7 40. Ra6 Kd7 41. Ra7+ Ke8 42. Ra6 Be7 43. Nh3 Rb3 44. Ra8+ Nd8 45. Ke2 Rb2+ 46. Kf3 Kf7 47. Ra7 Ke6 48. Ra6 Kd7 49. Ra7+ Ke8 50. Ra8 Kf7 51. Ra6 Ne6 52. Ra7 Nd4+ 53. Bxd4 cxd4 54. Ra6 Rc2 55. Ra7 Ke6 56. Ra6 Bd8 57. Ra8 Bb6 58. Ng5+ Kd7 59. Nh3 Bd8 60. Ra6 Rd2 61. Ra3 Kc6 62. Rb3 Ba5 63. Nf2 Rc2 64. Rb1 Bd2 65. Nd1 Be1 66. Rb2 Rc1 67. Nf2 Rc3 68. Rb8 Rc2 69. Nd1 Rd2 0-1

[Event "Israel-ch Semi-final 2022"]
[Site "Ramat Gan"]
[Date "2022.06.27"]
[Round "8.9"]
[White "Zemach, Nadav"]
[Black "Sivan, Yaacov"]
[Result "1/2-1/2"]
[ECO "A56"]
[WhiteElo "2238"]
[BlackElo "2306"]
[Annotator "TA"]
[PlyCount "141"]
[EventDate "2022.05.09"]
[EventType "swiss"]
[EventCountry "ISR"]
[SourceTitle "playchess.com"]
[Source "ChessBase"]
[SourceQuality "1"]
[TimeControl "40/5400+30:1800+30"]

1. d4 Nf6 2. c4 c5 3. d5 e5 4. Nc3 d6 5. e4 Be7 6. g3 O-O 7. Bg2 Na6 8. Nge2 Nc7 9. O-O a6 10. a4 b6 11. Qd3 {[%emt 0:01:29] A56: Czech Benoni.} Rb8 12. f4 Nd7 13. Be3 {[%emt 0:00:16] White is slightly better.} Bf6 14. Kh1 Re8 15. f5 {[%emt 0:00:16] [#]} Nf8 $146 ({Predecessor:} 15... Bg5 16. Rf3 Nf8 17. g4 Bxe3 18. Qxe3 f6 19. h4 h6 20. Rg3 Nh7 21. Ng1 Kf7 {1-0 (52) Sharova,A (2146)-Savushkina,E (2155) Minsk 2007}) 16. Ng1 {[%emt 0:03:54] White is more active.} (16. b3 $16) 16... b5 $14 17. b3 bxc4 18. bxc4 Bd7 19. Nf3 Rb3 20. g4 h6 {[%emt 0:01:45] Inhibits g5.} 21. Rg1 Nh7 22. Bf1 (22. Rgb1 $16 Rxb1+ 23. Qxb1 (23. Rxb1 a5 $14)) 22... Qe7 $11 23. Bf2 Bg5 24. h4 Bf4 25. Be3 (25. Be1 $11) 25... g5 $2 (25... Nf6 $1 $15 26. Rc1 Na8) 26. fxg6 $1 $16 fxg6 27. Bxf4 exf4 28. e5 dxe5 (28... Qg7 $16) 29. d6 $2 {[%emt 0:01:48] [#]} ({White must play} 29. Qxg6+ $18 Qg7 30. Qc2) 29... Rxc3 $1 $17 30. dxe7 Rxd3 31. Bxd3 Bc6 $1 32. Rgf1 e4 {[%emt 0:05:52][%mdl 1024] Black has compensation.} 33. Ne5 Ba8 34. Bc2 g5 35. Ng6 $2 ({White should play} 35. Rad1 $15 Rxe7 36. Ng6 (36. Rd8+ Kg7 $17)) 35... Ne6 (35... Kg7 $19 36. h5 Nf6) 36. a5 {[%emt 0:01:25] Hoping for Ba4.} Bc6 (36... e3+ $17 37. Kg1 Nd4) 37. Ne5 $11 Ba8 (37... Nd4 $11 38. Nxc6 Nxc2) 38. Ng6 $17 {[%emt 0:00:02] Strongly threatening Ba4.} Bc6 (38... e3+ $17 39. Kg1 Bc6) 39. Ne5 $11 Nd4 40. Nxc6 Nxc2 41. Rad1 {[%emt 0:40:22] [#]} e3 $1 42. Rd8 Nf6 43. hxg5 {[%emt 0:00:00] Dancing on a razor blade.} hxg5 44. Ne5 e2 45. Rc1 ({Don't blunder} 45. Rxe8+ $2 Nxe8 46. Rg1 e1=Q $19) 45... e1=Q+ 46. Rxe1 Nxe1 47. Nd7 Kf7 (47... Nxg4 $2 48. Rxe8+ Kf7 49. Ra8 Kxe7 50. Nxc5 $18) 48. Nxf6 Rxe7 $17 {[%emt 0:00:00][%mdl 4096] Endgame KRN-KRN} 49. Nd5 Rb7 (49... Re6 $17 {And now ...Nf3 would win.} 50. Rd7+ Kg6) 50. Ra8 {[%emt 0:00:00] [#]} (50. Nb6 $11) 50... Rb1 (50... Nf3 $1 $17 {Threatens to win with ...Rb2.} 51. Rxa6 Rb2 52. Ra7+ Ke6) 51. Rxa6 $11 f3 52. Rf6+ Kg7 53. Kh2 Rb2+ 54. Kg1 Rc2 55. Kf1 Rc1 56. Kf2 Nd3+ 57. Kxf3 {[%emt 0:00:00] aiming for Re6.} (57. Ke3 {feels hotter.} f2 58. Kxd3 f1=Q+ 59. Rxf1 Rxf1 60. a6) 57... Ne5+ 58. Kg2 Nxg4 59. Rb6 (59. Re6 $5 ) 59... Ne5 60. a6 Nxc4 61. Rb7+ Kh6 {[%emt 0:00:19] The position is equal.} (61... Kg6 {looks sharper.} 62. a7 Ra1 63. Nc3 Kf5) 62. Nc7 (62. a7 {is interesting.} Ra1 63. Nc3 Kh5 64. Nb5) 62... Ra1 63. Rb5 (63. a7 {with more complications.} Nd6 64. Rb6 Ra2+ 65. Kf1) 63... Kh5 64. Rxc5 Nb6 65. Rc6 Nd7 66. Rd6 Nb8 67. Rb6 Ra2+ 68. Kf1 Ra1+ 69. Ke2 Ra2+ 70. Ke3 Ra3+ 71. Kf2 {[%emt 0:01:13] Weighted Error Value: White=0.26 (precise) /Black=0.28 (precise)} 1/2-1/2

[Event "Israel-ch Semi-final 2022"]
[Site "Ramat Gan"]
[Date "2022.06.27"]
[Round "8.10"]
[White "Kinberg, Ofer"]
[Black "Flaum, Mark"]
[Result "1-0"]
[ECO "B49"]
[WhiteElo "1935"]
[BlackElo "1915"]
[Annotator "NA RC"]
[PlyCount "95"]
[EventDate "2022.05.09"]
[EventType "swiss"]
[EventCountry "ISR"]
[SourceTitle "playchess.com"]
[Source "ChessBase"]
[SourceQuality "1"]
[TimeControl "40/5400+30:1800+30"]

1. e4 c5 2. Nf3 e6 3. d4 cxd4 4. Nxd4 Nc6 5. Nc3 Qc7 6. Be2 a6 7. Be3 b5 8. Nxc6 dxc6 9. O-O Bb7 10. Qe1 Rd8 11. a4 b4 12. Nb1 Nf6 13. Nd2 c5 14. f3 Be7 15. Nc4 O-O 16. Qf2 Nd7 17. Rfc1 f5 18. exf5 exf5 19. Qf1 f4 20. Bf2 Bf6 21. a5 Ne5 22. c3 bxc3 23. bxc3 Qc6 24. Rab1 Bc8 25. Rb6 Qc7 26. Nxe5 Bxe5 27. Bxa6 Bf5 28. Qc4+ Kh8 29. Qxc5 Rfe8 30. Rc6 Qb8 31. Qb6 Rd2 32. Rc5 Qd6 33. Qxd6 Rxd6 34. Bb5 Bd7 35. Re1 Bxc3 36. Rxe8+ Bxe8 37. Rc8 Kg8 38. h3 Rd1+ 39. Kh2 Bxa5 40. Bxe8 Rd8 41. Rxd8 Bxd8 42. Bd4 Kf8 43. Bc6 Bc7 44. Be4 g6 45. h4 Kf7 46. Bd5+ Ke7 47. h5 Kf8 48. Kh3 1-0

[Event "Israel-ch Semi-final 2022"]
[Site "Ramat Gan"]
[Date "2022.07.11"]
[Round "9.1"]
[White "Aharonovich, Itamar"]
[Black "Solomon, Asif"]
[Result "1/2-1/2"]
[ECO "E54"]
[WhiteElo "2324"]
[BlackElo "2288"]
[Annotator "ChessBase"]
[PlyCount "60"]
[EventDate "2022.05.09"]
[EventType "swiss"]
[EventCountry "ISR"]
[SourceTitle "playchess.com"]
[Source "ChessBase"]
[SourceQuality "1"]
[TimeControl "40/5400+30:1800+30"]

1. d4 Nf6 2. c4 e6 3. Nc3 Bb4 4. e3 O-O 5. Bd3 d5 6. Nf3 c5 7. O-O cxd4 8. exd4 dxc4 9. Bxc4 b6 10. Bg5 Bb7 11. Qe2 Nbd7 12. Ne5 Rc8 13. Rac1 Nxe5 14. dxe5 Qd4 15. exf6 Qxc4 16. fxg7 Rfe8 17. Bf6 Qxe2 18. Nxe2 Ba6 19. Rxc8 Rxc8 20. Rc1 Rxc1+ 21. Nxc1 Bc4 22. Nb3 Bxb3 23. axb3 Bd2 24. g4 Bh6 25. Kg2 Bxg7 26. Bxg7 Kxg7 27. f4 h6 28. Kf3 f5 29. gxf5 exf5 30. Ke3 Kf6 1/2-1/2

[Event "Israel-ch Semi-final 2022"]
[Site "Ramat Gan"]
[Date "2022.07.11"]
[Round "9.2"]
[White "Yaniv, Ori"]
[Black "Poleg, Matan"]
[Result "0-1"]
[ECO "B47"]
[WhiteElo "2143"]
[BlackElo "2225"]
[Annotator "ChessBase"]
[PlyCount "110"]
[EventDate "2022.05.09"]
[EventType "swiss"]
[EventCountry "ISR"]
[SourceTitle "playchess.com"]
[Source "ChessBase"]
[SourceQuality "1"]
[TimeControl "40/5400+30:1800+30"]

1. e4 c5 2. Nf3 e6 3. d4 cxd4 4. Nxd4 Nc6 5. Nc3 Qc7 6. Qd3 Nf6 7. Ndb5 Qb8 8. Qg3 d6 9. Be3 a6 10. Nd4 Bd7 11. f4 b5 12. Bd3 b4 13. Nce2 d5 14. e5 Ne4 15. Bxe4 dxe4 16. Nxc6 Bxc6 17. Nd4 Bd7 18. O-O g6 19. Rad1 Qb7 20. Rf2 Be7 21. Rfd2 Ba4 22. Nb3 Rc8 23. Qf2 Bxb3 24. axb3 O-O 25. Qe2 Rc7 26. Ra1 Ra8 27. Rd4 Rac8 28. Rc4 Qb5 29. Kf1 Rxc4 30. bxc4 Rxc4 31. b3 Rxc2 32. Qxb5 axb5 33. Ra7 Rc3 34. Bd4 Rd3 35. Bb6 Kf8 36. Ra8+ Kg7 37. Re8 Rd7 38. Ke2 f5 39. exf6+ Kxf6 40. Ke3 Kf5 41. Bd4 g5 42. g4+ Kxg4 43. Kxe4 gxf4 44. Be5 Bg5 45. Rxe6 Rf7 46. h3+ Kxh3 47. Kf3 Rd7 48. Bd6 Kh4 49. Re1 Kh5 50. Re6 h6 51. Bxf4 Rf7 52. Re4 Rxf4+ 53. Rxf4 Bxf4 54. Kxf4 Kh4 55. Kf3 Kg5 0-1

[Event "Israel-ch Semi-final 2022"]
[Site "Ramat Gan"]
[Date "2022.07.11"]
[Round "9.3"]
[White "Sivan, Yaacov"]
[Black "Uritsky, Yonathan"]
[Result "0-1"]
[ECO "A36"]
[WhiteElo "2306"]
[BlackElo "2072"]
[Annotator "ChessBase"]
[PlyCount "148"]
[EventDate "2022.05.09"]
[EventType "swiss"]
[EventCountry "ISR"]
[SourceTitle "playchess.com"]
[Source "ChessBase"]
[SourceQuality "1"]
[TimeControl "40/5400+30:1800+30"]

1. c4 Nf6 2. g3 g6 3. Bg2 c5 4. Nc3 Bg7 5. a3 O-O 6. e3 d6 7. Nge2 Nc6 8. O-O Bd7 9. Rb1 Qc8 10. Nf4 Re8 11. b4 g5 12. Nfd5 Ne5 13. Nxf6+ Bxf6 14. bxc5 Bg4 15. f3 Bf5 16. e4 Be6 17. Nd5 Bxd5 18. cxd5 Nd3 19. c6 bxc6 20. Qe2 Nxc1 21. Rbxc1 c5 22. f4 gxf4 23. Rxf4 Kh8 24. Qh5 Rg8 25. Qxf7 Rg7 26. Qh5 Qb7 27. Qd1 Rb8 28. Kh1 Qb2 29. Rf3 Rgg8 30. Bf1 Rgf8 31. Rc2 Qd4 32. Rc4 Qb2 33. Rc2 Qb1 34. Qxb1 Rxb1 35. e5 Bg7 36. Rxf8+ Bxf8 37. Kg2 Bg7 38. exd6 exd6 39. a4 Bd4 40. Bb5 Kg7 41. Kf3 Kf6 42. Bd7 Ke5 43. Be6 Ra1 44. Kg4 Rxa4 45. Kh5 Ra1 46. d3 Be3 47. Rc4 Bd4 48. Rc2 Be3 49. Rc4 Bd4 50. h4 a5 51. Bd7 Kxd5 52. g4 Ke5 53. Kh6 d5 54. Rc2 Kd6 55. Bf5 a4 56. Re2 Be5 57. h5 a3 58. Kxh7 Rb1 59. d4 Rb7+ 60. Kg6 cxd4 61. h6 Ra7 62. h7 Ra8 63. Bb1 Rb8 64. g5 Bh8 65. Bd3 Kc5 66. Kf7 Kb4 67. Ra2 Ra8 68. g6 Kc3 69. Bb1 d3 70. Rg2 d2 71. Rg1 a2 72. g7 Ra7+ 73. Kg8 Rxg7+ 74. Rxg7 Bxg7 0-1

[Event "Israel-ch Semi-final 2022"]
[Site "Ramat Gan"]
[Date "2022.07.11"]
[Round "9.4"]
[White "Chernomordik, Pavel"]
[Black "Kinberg, Ofer"]
[Result "1-0"]
[ECO "C77"]
[WhiteElo "2178"]
[BlackElo "1935"]
[Annotator "ChessBase"]
[PlyCount "125"]
[EventDate "2022.05.09"]
[EventType "swiss"]
[EventCountry "ISR"]
[SourceTitle "playchess.com"]
[Source "ChessBase"]
[SourceQuality "1"]
[TimeControl "40/5400+30:1800+30"]

1. e4 e5 2. Nf3 Nc6 3. Bb5 a6 4. Ba4 Nf6 5. Qe2 Be7 6. d4 exd4 7. e5 Nd5 8. Qe4 Nb6 9. Bb3 Na5 10. Qg4 g6 11. Qxd4 Nxb3 12. axb3 f6 13. Bh6 Kf7 14. O-O Re8 15. Ng5+ Kg8 16. Ne4 d5 17. Nxf6+ Bxf6 18. exf6 Kf7 19. Bg5 Bf5 20. Nd2 c6 21. Rfe1 Nd7 22. c4 h6 23. Rxe8 Qxe8 24. Bxh6 Qe5 25. Qxe5 Nxe5 26. Bg5 Ng4 27. cxd5 cxd5 28. f3 Nxf6 29. g4 Bd7 30. Rc1 Rc8 31. Rxc8 Bxc8 32. Kf2 Nd7 33. Be3 Ne5 34. Bd4 Nc6 35. Ke3 g5 36. h3 Ke6 37. Nf1 Bd7 38. Bc3 Be8 39. Ng3 Bg6 40. Ne2 Bc2 41. b4 Bd1 42. Kd2 Bxe2 43. Kxe2 Ne5 44. Bd2 Kf6 45. f4 gxf4 46. Bxf4 Nc6 47. Bd2 Ke5 48. Kd3 b5 49. h4 d4 50. h5 Kd5 51. h6 Ne5+ 52. Ke2 Kc4 53. h7 Ng6 54. Bg5 Kxb4 55. Bf6 Kc4 56. h8=Q Nxh8 57. Bxh8 a5 58. g5 Kd5 59. Bxd4 b4 60. Kd3 a4 61. g6 Ke6 62. Kc4 a3 63. b3 1-0

[Event "Israel-ch Semi-final 2022"]
[Site "Ramat Gan"]
[Date "2022.07.11"]
[Round "9.5"]
[White "Stolyarsky, Yegor"]
[Black "Rozen, Guy"]
[Result "0-1"]
[ECO "A87"]
[WhiteElo "2174"]
[BlackElo "1967"]
[Annotator "ChessBase"]
[PlyCount "96"]
[EventDate "2022.05.09"]
[EventType "swiss"]
[EventCountry "ISR"]
[SourceTitle "playchess.com"]
[Source "ChessBase"]
[SourceQuality "1"]
[TimeControl "40/5400+30:1800+30"]

1. d4 f5 2. g3 Nf6 3. Bg2 g6 4. Nf3 Bg7 5. O-O O-O 6. c4 Ne4 7. Nbd2 c5 8. e3 Nc6 9. d5 Nxd2 10. Bxd2 Ne5 11. Nxe5 Bxe5 12. Qc2 Rb8 13. Bc3 Qc7 14. f4 Bxc3 15. Qxc3 b5 16. cxb5 a6 17. b4 Rxb5 18. Rfc1 c4 19. a4 Rb8 20. Rab1 Qa7 21. Kf2 d6 22. Qxc4 Bd7 23. Bf1 Rfc8 24. Qxa6 Qxa6 25. Bxa6 Rxc1 26. Rxc1 Rxb4 27. a5 Ra4 28. Bc8 Bb5 29. Be6+ Kg7 30. Rc7 Kf6 31. Rc8 Kg7 32. Rg8+ Kh6 33. Ra8 Ra2+ 34. Ke1 Rxh2 35. a6 Ra2 36. Bc8 Kh5 37. a7 Bd3 38. Be6 Kg4 39. Rh8 Rxa7 40. Rxh7 Kxg3 41. Rg7 Kf3 42. Kd2 Be4 43. Rh7 Ra2+ 44. Kc3 Kxe3 45. Rxe7 Kxf4 46. Kc4 g5 47. Kb5 g4 48. Kc6 g3 0-1

[Event "Israel-ch Semi-final 2022"]
[Site "Ramat Gan"]
[Date "2022.07.11"]
[Round "9.6"]
[White "Flaum, Mark"]
[Black "Aronin, Pavel"]
[Result "1-0"]
[ECO "B31"]
[WhiteElo "1915"]
[BlackElo "1993"]
[Annotator "ChessBase"]
[PlyCount "89"]
[EventDate "2022.05.09"]
[EventType "swiss"]
[EventCountry "ISR"]
[SourceTitle "playchess.com"]
[Source "ChessBase"]
[SourceQuality "1"]
[TimeControl "40/5400+30:1800+30"]

1. e4 c5 2. Nf3 Nc6 3. Bb5 g6 4. Bxc6 bxc6 5. O-O Bg7 6. Re1 Nh6 7. c3 O-O 8. d4 Qb6 9. Qc2 cxd4 10. cxd4 d6 11. h3 f6 12. Nc3 Nf7 13. Be3 Qa6 14. Rac1 Bd7 15. b3 Rfe8 16. Qd2 Rad8 17. Qe2 Qxe2 18. Rxe2 g5 19. Nd2 Rc8 20. b4 f5 21. f3 h5 22. Nb3 g4 23. hxg4 hxg4 24. Rec2 e5 25. d5 gxf3 26. gxf3 Rb8 27. dxc6 Bxc6 28. Na5 Ba8 29. b5 Bh6 30. Bxh6 Nxh6 31. Nc6 Bxc6 32. bxc6 Rec8 33. Nd5 Kf7 34. Rh2 Kg7 35. Kh1 Nf7 36. Ne7 Rc7 37. Nxf5+ Kf6 38. Ne3 Rcc8 39. Nd5+ Ke6 40. Rg2 Rh8+ 41. Kg1 Rhg8 42. c7 Rxg2+ 43. Kxg2 Rc8 44. Rb1 Kd7 45. Rb7 1-0

[Event "Israel-ch Semi-final 2022"]
[Site "Ramat Gan"]
[Date "2022.07.11"]
[Round "9.7"]
[White "Reprun, Nadejda"]
[Black "Horesh, Tal"]
[Result "1/2-1/2"]
[ECO "B41"]
[WhiteElo "1954"]
[BlackElo "1973"]
[Annotator "ChessBase"]
[PlyCount "61"]
[EventDate "2022.05.09"]
[EventType "swiss"]
[EventCountry "ISR"]
[SourceTitle "playchess.com"]
[Source "ChessBase"]
[SourceQuality "1"]
[TimeControl "40/5400+30:1800+30"]

1. e4 c5 2. Nf3 a6 3. c4 Qc7 4. d4 cxd4 5. Nxd4 Nf6 6. Nc3 e6 7. Be2 b6 8. O-O Bb7 9. Qd3 d6 10. f4 Nbd7 11. Nb3 Be7 12. Be3 Rc8 13. Rac1 Qb8 14. Bf3 Bd8 15. Rc2 Bc7 16. g4 h5 17. g5 Ng4 18. Bc1 d5 19. cxd5 Bxf4 20. Bxf4 Qxf4 21. Bxg4 Qxg5 22. dxe6 Qxg4+ 23. Rg2 Qxe6 24. Rxg7 Ne5 25. Qg3 Rc4 26. Rf5 Nd7 27. Rfxf7 Qxf7 28. Rxf7 Kxf7 29. Qd6 Rg8+ 30. Kf1 Nf6 31. Ke1 1/2-1/2